 Dungeon Crawl Stone Soup version 0.14-a0-2789-gc18c9f8 (webtiles) character file.

310 MirrMurr the Sneak (level 5, -2/24 HPs)
             Began as a Spriggan Enchanter on Feb 24, 2014.
             Slain by an orc
             ... wielding a +1,+1 orcish short sword
              (6 damage)
             ... on Level 3 of the Dungeon.
             The game lasted 00:09:49 (3903 turns).

MirrMurr the Sneak (Spriggan Enchanter)             Turns: 3903, Time: 00:09:50

HP  -2/24        AC  3     Str  5      XL: 5   Next: 58%
MP   1/14        EV 18     Int 16      God:
Gold 98          SH  0     Dex 17      Spells:  3 memorised,  3 levels left

rFire  . . .     SeeInvis +     a - +1 dagger
rCold  . . .     Clarity  .     m - +1 robe
rNeg   . . .     Conserve .     (shield restricted)
rPois  .         rCorr    .     (helmet restricted)
rElec  .         rRot     .     (no cloak)
SustAb . .       Spirit   .     (gloves unavailable)
rMut   .         Warding  .     (boots unavailable)
Saprov . . .     Stasis   .     (no amulet)
MR     .....                    (no ring)
                                (no ring)

@: very slightly contaminated, very quick, not resistant to hostile
enchantments, very stealthy
A: unfitting armour, see invisible, herbivore 3, speed 3, slow metabolism 2
a: no special abilities


You were on level 3 of the Dungeon.
You were full.

You visited 1 branch of the dungeon, and saw 3 of its levels.

You collected 98 gold pieces.

Inventory:

Hand weapons
 a - a +1,+1 dagger (weapon)
 b - a +0,+0 sling
 f - a +1,+2 orcish dagger
 n - a +2,+1 dagger of venom
 y - a +0,+3 dwarven dagger
Missiles
 d - 9 darts (quivered)
 r - 40 stones
 u - 20 sling bullets
Armour
 l - a +0 elven robe
 m - a +1 robe (worn)
Magical devices
 q - a wand of digging (15) {unknown}
Comestibles
 z - a bread ration
Scrolls
 i - 5 scrolls of identify
 k - a scroll of teleportation {unknown}
 p - 2 scrolls of remove curse {unknown}
 t - a scroll of blinking {unknown}
 w - 2 scrolls of enchant weapon I {unknown}
 x - a scroll of noise {unknown}
Potions
 e - a potion of porridge
 g - a potion of speed {unknown}
 h - a potion of might
 o - 2 potions of curing
 s - a potion of invisibility {unknown}
 v - a potion of brilliance {unknown}
Books
 c - a book of Maledictions

   Spells                             Type                      Level
   *Corona                            Hexes                        1
   Sure Blade                         Hexes/Charms                 2
   *Ensorcelled Hibernation           Hexes/Ice                    2
   *Confuse                           Hexes                        3
   Enslavement                        Hexes                        4
   Invisibility                       Hexes                        6


   Skills:
 + Level 3.5 Short Blades
 - Level 1.1 Throwing
 - Level 3.0 Dodging
 + Level 7.7 Stealth
 - Level 2.6 Spellcasting
 - Level 3.6 Hexes


You had 3 spell levels left.
You knew the following spells:

 Your Spells              Type           Power        Failure   Level  Hunger
a - Ensorcelled Hibernat  Hex/Ice        #.....       17%         2    ##.....
b - Confuse               Hex            ##......     14%         3    ###....
Z - Corona                Hex            ##.....      6%          1    #......


Dungeon Overview and Level Annotations

Branches:
Dungeon (3/16)

Altars:


Innate Abilities, Weirdness & Mutations

You are tiny and cannot use many weapons and most armour.
You have supernaturally acute eyesight.
You are a herbivore.
You cover ground extremely quickly.
You need consume almost no food.


Message History

Aim: an orc wizard, wielding an orcish falchion and wearing an orcish robe (almost dead)
You miscast Ensorcelled Hibernation.
Frost spreads across the the floor.
The orc closely misses you. The orc wizard completely misses you.
You hit the orc wizard.
The orc wizard is almost dead.
The orc barely misses you.
You hit the orc wizard but do no damage.
The orc wizard is almost dead.
The orc wizard barely misses you. The orc hits you but does no damage.
You hit the orc wizard but do no damage.
The orc wizard is almost dead.
The orc wizard casts a spell at you. The magic dart hits you!
* * * LOW HITPOINT WARNING * * *
The orc hits you with an orcish short sword.
* * * LOW HITPOINT WARNING * * *
You hit the orc wizard.
You kill the orc wizard!
The orc hits you with an orcish short sword.
You die...

####.###### ########
#. # ## ## # .# #
####'#### # #......<#
# #.......# #
+..)o...# # #..@....#
# #.......# ##
###'##### #. #.# #.
#.# #. #.## #. #..#
########+
#####+#######........
#.).......#.+........


You could see an orc.

Vanquished Creatures
  An orc priest (D:3)
  An orc wizard (D:3)
  4 adders
  A giant mite (D:1)
  2 worms
  5 giant geckos
  4 oozes
  3 orcs (D:3)
  3 giant cockroaches
  14 goblins
  6 hobgoblins
  14 jackals
  2 quokkas (D:2)
  6 bats
  3 giant newts
  6 kobolds
  14 rats
89 creatures vanquished.

Notes
Turn   | Place    | Note
--------------------------------------------------------------
     0 | D:1      | MirrMurr, the Spriggan Enchanter, began the quest for the Orb.
     0 | D:1      | Reached XP level 1. HP: 9/9 MP: 4/4
   126 | D:1      | Reached skill level 4 in Stealth
   252 | D:1      | Reached XP level 2. HP: 8/13 MP: 5/7
   660 | D:1      | Reached skill level 5 in Stealth
   837 | D:1      | Reached XP level 3. HP: 11/16 MP: 9/9
   841 | D:1      | Learned a level 2 spell: Ensorcelled Hibernation
   845 | D:1      | Learned a level 3 spell: Confuse
  1731 | D:1      | Reached skill level 6 in Stealth
  2356 | D:2      | Reached XP level 4. HP: 21/21 MP: 12/12
  3671 | D:3      | Reached skill level 7 in Stealth
  3688 | D:3      | Reached XP level 5. HP: 17/24 MP: 3/14
  3903 | D:3      | Slain by an orc

Action                   |  1- 3 |  4- 6 || total
-------------------------+-------+-------++-------
Melee: Dagger            |   196 |   177 ||   373
 Fire: Sling             |       |     1 ||     1
Throw: Dart              |    12 |       ||    12
 Cast: Corona            |     4 |       ||     4
       Ensorcelled Hiber |       |    13 ||    13
  Use: Scroll            |     3 |       ||     3
       Potion            |       |     2 ||     2
 Stab: Sleeping          |     9 |    17 ||    26
       Distracted        |     1 |     1 ||     2
